 Dungeon Crawl Stone Soup version 0.28-a0-620-g539b0f7ac7 (webtiles) character file.

Game seed: 13281534315183546913

30 mordus the Chopper (level 3, 0/31 HPs)
             Began as a Hill Orc Monk on Oct 6, 2021.
             Slain by a quokka (4 damage)
             ... on level 2 of the Dungeon.
             The game lasted 00:02:30 (1727 turns).

mordus the Chopper (Hill Orc Monk)                  Turns: 1727, Time: 00:02:31

Health: 0/31       AC:  2    Str: 14    XL:     3   Next: 18%
Magic:  3/3        EV: 12    Int: 10    God:
Gold:   15         SH:  0    Dex: 13    Spells: 2/2 levels left

rFire   . . .      SeeInvis .   a - +0 hand axe
rCold   . . .      Faith    .   (no shield)
rNeg    . . .      Spirit   .   b - +0 robe
rPois   .          Reflect  .   (no helmet)
rElec   .          Harm     .   (no cloak)
rCorr   .          Rampage  .   (no gloves)
Will    .....                   (no boots)
Stlth   ++........              (no amulet)
HPRegen 0.10/turn               (no ring)
MPRegen 0.08/turn               (no ring)

@: no status effects
A: no striking features
a: no special abilities


You were on level 2 of the Dungeon.
You visited 1 branch of the dungeon, and saw 2 of its levels.

You collected 15 gold pieces.

Inventory:

Hand Weapons
 a - a +0 hand axe (weapon)
Armour
 b - a +0 robe (worn)
Scrolls
 d - a scroll of blinking {unknown}
 f - a scroll of fog {unknown}
 h - a scroll of vulnerability {unknown}
 i - 2 scrolls of silence {unknown}
Potions
 c - 3 potions of curing {unknown}
 e - 2 potions of haste {unknown}
 g - a potion of might {unknown}
 j - a potion of resistance {unknown}


   Skills:
 - Level 3.6 Fighting
 * Level 5.2 Axes
 + Level 1.4 Armour
 - Level 2.4 Dodging
 - Level 1.5 Stealth


You had 2 spell levels left.
You didn't know any spells.
Your spell library contained the following spells:

 Spells                   Type           Power      Damage    Failure   Level
 Scorch                   Fire           0%         2d5       50%         2
 Flame Wave               Conj/Fire      0%         3d3       98%         4
 Summon Cactus Giant      Summ           0%         N/A       100%        6


Dungeon Overview and Level Annotations

Branches:
Dungeon (2/15)

Altars:

Shops:
D:1 [


Message History

You are too injured to fight recklessly!
The quokka bites you but does no damage.
The quokka closely misses you.
You hit the quokka.
You kill the quokka!
You barely miss the quokka. The quokka bites you.
The quokka bites you but does no damage.
The quokka closely misses you. The quokka bites you.
* * * LOW HITPOINT WARNING * * *
You closely miss the quokka. x2; The quokka closely misses you.
The quokka twitches its whiskers.
The quokka closely misses you.
You hit the quokka.
The quokka is heavily wounded.
You hit the quokka but do no damage. The quokka barely misses you.
The quokka bites you.
* * * LOW HITPOINT WARNING * * *
The quokka bites you.
* * * LOW HITPOINT WARNING * * *
The quokka barely misses you. The quokka barely misses you.
You closely miss the quokka.
The quokka is heavily wounded.
The quokka bites you.
* * * LOW HITPOINT WARNING * * *
You hit the quokka.
The quokka is severely wounded.
You closely miss the quokka. The quokka bites you.
* * * LOW HITPOINT WARNING * * *
The quokka barely misses you.
You barely miss the quokka.
The quokka is severely wounded.
You closely miss the quokka. The quokka closely misses you. x2
The quokka barely misses you. The quokka misses you.
The quokka closely misses you. The quokka closely misses you.
You closely miss the quokka. The quokka closely misses you.
You hit the quokka but do no damage. The quokka bites you.
You die...

...... ##........>.....#
...... ###...............#
....#.######.................#
....>..##....................#
##.........####...<..<.......#
.........### ##............##
##.......## #r..........##
#.........# #r###########
#.........# #@# #....$....#
#.# #..........# #..
............. ###.
..........#... .#
.............. #
..............


You could see 2 quokkas.

Vanquished Creatures
  A worm (D:2)
  3 endoplasms (D:1)
  2 giant cockroaches (D:1)
  4 hobgoblins
  4 jackals (D:1)
  2 quokkas
  A bat (D:1)
  A frilled lizard (D:1)
  A goblin (D:1)
  3 kobolds (D:1)
  2 rats (D:1)
24 creatures vanquished.

Vanquished Creatures (others)
  3 fungi (D:1)
  2 plants (D:1)
5 creatures vanquished.

Grand Total: 29 creatures vanquished

Notes
Turn   | Place    | Note
-------+----------+-------------------------------------------
     0 | D:1      | mordus the Hill Orc Monk began the quest for the Orb.
     0 | D:1      | Reached XP level 1. HP: 19/19 MP: 1/1
   570 | D:1      | Found a faded altar of an unknown god.
   575 | D:1      | Reached XP level 2. HP: 21/26 MP: 2/2
   602 | D:1      | Reached skill level 1 in Armour
   980 | D:1      | Found Xeleowk's Antique Armour Shoppe.
  1189 | D:1      | Reached skill level 5 in Axes
  1591 | D:1      | Reached XP level 3. HP: 28/31 MP: 3/3
  1727 | D:2      | Slain by a quokka

Illustrated notes

Levels and vault maps discovered:
D:1:      grunt_arrival_lava_bath, layout_basic, serial_shops, shop,
          dreamdust_ecumenical_altar_grove
D:2:      layout_rooms

Skill      XL: |  1  2 |
---------------+-------+-----
Armour         | 1 |  1.4
Axes           | 5 |  5.2
Fighting       | |  3.6
Dodging        | |  2.4
Stealth        | |  1.5

Action                   || total
-------------------------++-------
Melee: Hand axe          ||   115
 Stab: Sleeping          ||     3
Armor: Robe              ||    25
Dodge: Dodged            ||    88

Table legend: (Time is in decaauts)
 A = Elapsed time spent in this place.
 B = Non-inter-level travel time spent in this place.
 C = Inter-level travel time spent in this place.
 D = Time resting spent in this place.
 E = Time spent auto-exploring this place.
 F = Levels seen in this place.
 G = Mean time per level.
                   A        B        C        D        E       F      G
               +--------+--------+--------+--------+--------+-----+--------+
         Total |   1733 |   1716 |     17 |    155 |   1293 |   2 |  866.5 |
       Dungeon |   1733 |   1716 |     17 |    155 |   1293 |   2 |  866.5 |
               +--------+--------+--------+--------+--------+-----+--------+

Top non-repeatable levels by time:
     D:1: 1654 daAuts
     D:2: 79 daAuts
